 Dungeon Crawl Stone Soup version 0.25-a0-346-g140ab784a8 (webtiles) character file.

Game seed: 9583686921490376132, levelgen mode: deterministic

105934 bobob the Eclecticist (level 15, -10/114 HPs)
             Began as a Deep Elf Fire Elementalist on Dec 24, 2019.
             Was a High Priest of Ashenzari.
             Mangled by a redback (11 damage)
             ... on level 4 of the Lair of Beasts on Dec 31, 2019.
             The game lasted 03:40:42 (31630 turns).

bobob the Eclecticist (Deep Elf Fire Elementalist) Turns: 31630, Time: 03:40:45

Health: -10/114    AC:  9    Str:  6    XL:     15   Next: 96%
Magic:  2/36       EV:  9    Int: 26    God:    Ashenzari [*****.]
Gold:   1463       SH:  0    Dex: 19    Spells: 10/44 levels left

rFire    + . .     SeeInvis +     - Unarmed
rCold    x . .     Gourm    .   (shield currently unavailable)
rNeg     . . .     Faith    .   (armour currently unavailable)
rPois    +         Spirit   .   (helmet currently unavailable)
rElec    .         Reflect  .   (cloak currently unavailable)
rCorr    .         Harm     .   (gloves currently unavailable)
MR       ++...     Clarity  +   (boots currently unavailable)
Stlth    +++.......             r - amulet of Woqug {MR+ Regen+ Dex+4} (curse)
HPRegen  0.69/turn              p - ring of wizardry (curse)
MPRegen  0.25/turn              O - ring of fire

@: hydra-form (expiring), held
A: very large
a: End Transformation, Curse Item, Scrying, Transfer Knowledge, Renounce
Religion


You were on level 4 of the Lair of Beasts.
You worshipped Ashenzari.
Ashenzari was extremely pleased with you.
You were not hungry.
You were an eight-headed hydra.
You visited 4 branches of the dungeon, and saw 24 of its levels.
You also visited: Gauntlet and Ice Cave.

You collected 2600 gold pieces.
You spent 1137 gold pieces at shops.

Inventory:

Hand Weapons
 a - the +8 rapier "Rimuom" (melded) {pierce, rElec MR+ Str+6}
   (You found it on level 10 of the Dungeon)

   It inflicts extra damage upon your enemies.
   It affects your strength (+6).
   It insulates you from electricity.
   It affects your resistance to hostile enchantments.
Missiles
 k - 8 datura-tipped darts
 m - 92 poisoned darts (quivered)
 o - 7 atropa-tipped darts
 t - a throwing net
 Y - 6 curare-tipped darts
Armour
 b - a +2 robe of cold resistance (melded)
 l - +0 acid dragon scales
 q - a cursed +2 hat of intelligence (melded)
 K - a scarf of resistance
 P - a +2 pair of boots (melded)
 T - a scarf of repulsion (melded)
 V - a +2 buckler (melded)
Jewellery
 p - a cursed ring of wizardry (left foreclaw)
 r - the cursed amulet of Woqug (around neck) {MR+ Regen+ Dex+4}
   (You bought it in a shop on level 2 of the Orcish Mines)

   [amulet of regeneration]

   It affects your dexterity (+4).
   It affects your resistance to hostile enchantments.
   It increases your rate of regeneration.
   It has a curse placed upon it.
 G - an uncursed ring of positive energy
 O - a ring of fire (right foreclaw)
Wands
 f - a wand of acid (9)
 z - a wand of digging (12)
 A - a wand of iceblast (27)
 E - a wand of polymorph (11)
 J - a wand of clouds (5)
 M - a wand of flame (29)
 N - a wand of disintegration (12)
Scrolls
 d - 3 scrolls of fear
 e - 5 scrolls of blinking
 y - 3 scrolls of remove curse
 B - 2 scrolls of teleportation
 I - 6 scrolls of identify
Potions
 g - a potion of curing
 h - a potion of invisibility
 i - 7 potions of heal wounds
 j - a potion of haste
 s - 4 potions of resistance
 u - a potion of might {unknown}
 w - 3 potions of agility
 C - 4 potions of flight
 D - 4 potions of ambrosia
Miscellaneous
 v - a crystal ball of energy
 L - a lightning rod (2/4)
Comestibles
 c - 49 rations


   Skills:
 - Level 8.0 Fighting
 - Level 8.0 Short Blades
 - Level 13.0 Dodging
 - Level 6.0 Stealth
 - Level 4.2 Shields
 - Level 4.0 Unarmed Combat
 - Level 15.0 Spellcasting
 - Level 12.7(15.0) Conjurations
 - Level 3.8(6.2) Hexes
 - Level 2.2(4.3) Summonings
 - Level 2.0(4.0) Translocations
 - Level 9.5(12.0) Transmutations
 - Level 10.5(13.0) Fire Magic
 - Level 3.6(6.0) Air Magic
 - Level 3.8(6.3) Poison Magic
 + Level 7.2(10.0) Evocations


You had 10 spell levels left.
You knew the following spells:

 Your Spells              Type           Power        Failure   Level  Hunger
a - Foxfire               Conj/Fire      ####         0%          1    None
b - Conjure Flame         Conj/Fire      #######.     1%          3    None
d - Mephitic Cloud        Conj/Pois/Air  ######..     1%          3    None
e - Hydra Form            Tmut           ######....   1%          6    ####...
f - Fireball              Conj/Fire      #######...   1%          5    #......
g - Summon Butterflies    Summ           #####...     1%          1    None
h - Irradiate             Conj/Tmut      ######....   1%          5    #......
q - Blink                 Tloc           N/A          1%          2    None
s - Sticky Flame          Conj/Fire      #######.     1%          4    None
t - Tukima's Dance        Hex            ######..     1%          3    None
w - Confusing Touch       Hex            ######       1%          1    None

Your spell library contained the following spells:

 Spells                   Type           Power        Failure   Level  Hunger
 Magic Dart               Conj           ####         0%          1    None
 Apportation              Tloc           #####.       1%          1    None
 Freeze                   Ice            ###.         1%          1    None
 Shock                    Conj/Air       ####         1%          1    None
 Call Imp                 Summ           #####...     1%          2    None
 Slow                     Hex            ######..     1%          2    None
 Swiftness                Chrm/Air       #####...     1%          2    None
 Confuse                  Hex            ######..     1%          3    None
 Gell's Gravitas          Tloc           #####.....   1%          3    None
 Inner Flame              Hex/Fire       #######.     1%          3    None
 Lesser Beckoning         Tloc           #####.....   1%          3    None
 Static Discharge         Conj/Air       ######..     1%          3    None
 Airstrike                Air            ######....   1%          4    None
 Hailstorm                Conj/Ice       ######..     1%          4    None
 Petrify                  Tmut/Erth      ######..     1%          4    None
 Alistair's Intoxication  Tmut/Pois      ######..     1%          5    #......
 Lightning Bolt           Conj/Air       ######....   1%          5    #......
 Yara's Violent Unravell  Hex/Tmut       ######....   1%          5    #......
 Ozocubu's Armour         Chrm/Ice       ###.....     2%          3    None
 Summon Ice Beast         Ice/Summ       ####....     4%          4    None
 Dragon Form              Tmut           ######....   7%          7    ######.
 Metabolic Englaciation   Hex/Ice        #####.....   9%          5    #......
 Invisibility             Hex            ######..     13%         6    ####...
 Statue Form              Tmut/Erth      ######...    13%         6    ####...


Dungeon Overview and Level Annotations

Branches:
Dungeon (15/15)            Temple (0/1) D:6            Lair (6/6) D:9
 Shoals (0/4) Lair:4       Spider (1/4) Lair:4        Slime (0/5) Lair:6
    Orc (2/2) D:10            Elf (0/3) Orc:2        Vaults (0/5) D:13
 Depths (0/5) D:15          IceCv (visited)         Gauntlet (visited)

Altars:
Ashenzari
Dithmenos
Elyvilon
Fedhas
Kikubaaqudgha
Makhleb
Nemelex Xobeh
Okawaru
Qazlal
Wu Jian
Xom
Yredelemnul
Zin
The Shining One
Jiyva

Shops:
D:11 =   D:12 *   Orc:1 :}?*[   Orc:2 *:%[

Portals:
Pandemonium: Orc:2
Trove: D:12 (give 12 potions of heal wounds)

Annotations:
D:3 1 runed translucent door, Lanoc's ghost, amateur DECK


Message History

* * * LOW HITPOINT WARNING * * *
You are poisoned.
The redback poisons you!
The redback bites you but does no damage.
The jumping spider barely misses you.
The jumping spider bites you but does no damage.
The redback bites you.
* * * LOW HITPOINT WARNING * * *
You are lethally poisoned!
The redback poisons you! The jumping spider pounces on you!
* * * LOW HITPOINT WARNING * * *
The jumping spider barely misses you.
You feel better. The redback bites you!
* * * LOW HITPOINT WARNING * * *
The jumping spider misses you.
The jumping spider bites you but does no damage.
The jumping spider closely misses you. x2; The redback bites you!
* * * LOW HITPOINT WARNING * * *
The redback bites you!
You die...

.....## ##..#........P#
.....#####..##........##
............##.........#
.....##.###............#
.....#####...##....#...#
.#..## ##...##..##...#
.....# #.##.#...#..##
.##.## ##..#..s.##..##
+..#### #.....sD......##
......####...##.ss#...#.##
..........#..#.#...#.....#
......##..#.###..#.##..P##
........#.P..##...##...##
......##................#
......#####............##
####+.# #
#............##### #.##.#
##...............#


You could see 2 jumping spiders and 2 redbacks.

Vanquished Creatures
  Rupert (D:12)
  2 frost giants
  Azrael (D:15)
  Josephine (D:13)
  Fannar (Orc:1)
  Erolcha (Orc:2)
  7 vault guards (D:13)
  7 hydras
  2 two-headed ogres
  3 centaur warriors (D:15)
  A death knight (D:13)
  3 orc high priests (Orc:2)
  12 death yaks
  2 tengu warriors
  A soul eater (Orc:2)
  2 unseen horrors (D:12)
  3 torturous demonspawn (Orc:2)
  4 orc knights (Orc:2)
  A lindwurm (Lair:5)
  4 deep elf magi
  2 oklob plants (Lair:3)
  2 manticores
  6 ugly things (D:15)
  11 orc sorcerers
  A merfolk siren (Lair:4)
  Joseph (D:7)
  2 cyclopes
  2 ice statues (IceCv)
  6 elephants
  4 black mambas
  Maurice (D:12)
  2 rust devils (Orc:2)
  A gargoyle (D:13)
  A torpor snail (Lair:6)
  3 rime drakes
  6 centaur skeletons
  An efreet (D:13)
  24 spiny frogs
  A demonic crawler (Lair:4)
  A freezing wraith (D:15)
  A yaktaur (D:15)
  3 ice devils
  6 komodo dragons
  A tengu conjurer (D:14)
  4 trolls
  3 meliai (D:14)
  A hornet (D:10)
  A queen bee (D:14)
  4 tyrant leeches (Lair:6)
  A polar bear (shapeshifter) (D:15)
  3 merfolk (Lair:4)
  15 polar bears (IceCv)
  A raiju (shapeshifter) (D:13)
  10 slime creatures
  14 blink frogs
  16 hippogriffs
  A meliai zombie (D:14)
  2 redbacks (Spider:1)
  5 wraiths (D:13)
  A shadow (D:11)
  A vampire (D:15)
  A tarantella (shapeshifter) (D:15)
  22 yaks
  14 wyverns
  A human (D:8)
  2 fire elementals (D:15)
  3 hogs (D:8)
  8 basilisks
  A hungry ghost (D:15)
  12 vampire mosquitoes
  A warg (Orc:2)
  17 water moccasins
  An acid dragon (D:15)
  3 hell hounds
  Duvessa (D:7)
  18 orc warriors
  7 porcupines
  2 ice beasts
  2 sky beasts (D:10)
  A phantom (D:7)
  A necrophage (D:7)
  7 ogres
  2 black bears
  35 wolves
  5 centaurs
  16 crocodiles
  A big kobold (D:12)
  26 bullfrogs
  Dowan (D:7)
  3 scorpions
  20 killer bees
  8 wights
  2 electric eels
  2 howler monkeys (D:9)
  5 crimson imps
  A bullfrog zombie (D:5)
  2 quasits
  A jelly (D:12)
  22 orc wizards
  24 orc priests
  8 hounds
  5 bullfrog skeletons
  A gnoll shaman (D:6)
  5 iguanas
  Terence (D:3)
  10 worker ants
  2 hound zombies
  A hound skeleton (D:5)
  3 worker ant zombies (D:5)
  17 adders
  9 gnolls
  A howler monkey skeleton (D:7)
  4 shadow imps
  An ooze (D:4)
  4 worms
  A dart slug (D:5)
  5 leopard geckos
  73 orcs
  6 giant cockroaches
  7 goblins
  3 hobgoblins
  19 jackals
  10 kobolds
  A quokka (D:2)
  4 bats
  2 frilled lizards
  A goblin skeleton (D:9)
  A kobold zombie (D:9)
  2 leopard gecko skeletons (D:5)
  An orc skeleton (D:9)
  2 orc zombies (D:9)
  A quokka skeleton (D:5)
  3 rats
  A butterfly (Lair:3)
  2 foxfires
  3 fungi
  4 plants
756 creatures vanquished.

Vanquished Creatures (collateral kills)
  A vault guard (D:13)
  Urug (D:12)
  A gargoyle (D:15)
  4 yaks (D:12)
  2 orc warriors (Orc:2)
  An ogre (Orc:1)
  3 orc priests (Orc:2)
  An orc (Orc:2)
14 creatures vanquished.

Vanquished Creatures (others)
  8 dancing weapons
  An electric eel (D:10)
  1645 foxfires
  8 fungi
  34 plants
1696 creatures vanquished.

Grand Total: 2466 creatures vanquished

Notes
Turn   | Place    | Note
-------+----------+-------------------------------------------
     0 | D:1      | bobob the Deep Elf Fire Elementalist began the quest for
                  | the Orb.
     0 | D:1      | Reached XP level 1. HP: 10/10 MP: 6/6
   373 | D:1      | Reached XP level 2. HP: 15/15 MP: 8/8
   929 | D:2      | Reached XP level 3. HP: 19/19 MP: 5/9
  1147 | D:2      | Found a basalt altar of Yredelemnul.
  1257 | D:2      | Found a white marble altar of Elyvilon.
  1451 | D:3      | Learned a level 3 spell: Conjure Flame
  1556 | D:3      | Found a runed translucent door.
  1556 | D:3      | Noticed Terence
  1797 | D:3      | Killed Terence
  1797 | D:3      | Reached XP level 4. HP: 15/24 MP: 4/11
  1940 | D:2      | Reached skill level 4 in Spellcasting
  2020 | D:3      | Found an ornate altar of the Wu Jian Council.
  2049 | D:3      | Found a shadowy altar of Dithmenos.
  2049 | D:3      | Found a faded altar of an unknown god.
  2054 | D:3      | Found a faded altar of an unknown god.
  2056 | D:3      | Found a shattered altar of Ashenzari.
  2058 | D:3      | Found a burning altar of Makhleb.
  2062 | D:3      | Became a worshipper of Ashenzari the Shackled
  2212 | D:3      | Noticed Lanoc's ghost (amateur DECK)
  2383 | D:4      | Reached XP level 5. HP: 21/28 MP: 10/14
  2424 | D:4      | Learned a level 4 spell: Sticky Flame
  2428 | D:4      | Learned a level 3 spell: Mephitic Cloud
  2679 | D:4      | Found a glowing silver altar of Zin.
  2733 | D:4      | Found a basalt altar of Yredelemnul.
  2743 | D:4      | Found an iron altar of Okawaru.
  2761 | D:4      | Reached skill level 5 in Spellcasting
  3178 | D:5      | Entered Level 5 of the Dungeon
  3233 | D:4      | Reached skill level 1 in Air Magic
  3233 | D:4      | Reached skill level 1 in Poison Magic
  3317 | D:5      | Found a blossoming altar of Fedhas.
  3422 | D:4      | Reached XP level 6. HP: 25/32 MP: 10/15
  3627 | D:5      | Reached * piety under Ashenzari
  3774 | D:5      | Noticed an ice beast
  3900 | D:5      | Killed an ice beast
  3900 | D:5      | Reached skill level 5 in Conjurations
  3911 | D:5      | Reached XP level 7. HP: 36/36 MP: 3/16
  4143 | D:5      | Reached skill level 6 in Spellcasting
  4424 | D:5      | Found a shimmering altar of Xom.
  4454 | D:5      | Learned a level 1 spell: Magic Dart
  4628 | D:6      | Found a sparkling altar of Nemelex Xobeh.
  4652 | D:6      | Reached skill level 7 in Spellcasting
  4654 | D:6      | Reached skill level 5 in Fire Magic
  4692 | D:6      | Reached XP level 8. HP: 41/41 MP: 1/20
  4735 | D:6      | Found an ancient bone altar of Kikubaaqudgha.
  4764 | D:6      | Reached skill level 1 in Shields
  5122 | D:6      | Found a stormy altar of Qazlal.
  5239 | D:6      | Found a staircase to the Ecumenical Temple.
  5459 | D:7      | Reached skill level 1 in Fighting
  5619 | D:7      | Noticed a hippogriff
  5629 | D:7      | Killed a hippogriff
  5629 | D:7      | Reached XP level 9. HP: 26/48 MP: 14/22
  5645 | D:7      | Reached skill level 8 in Spellcasting
  6025 | D:7      | Noticed Joseph
  6055 | D:7      | Killed Joseph
  6055 | D:7      | Reached skill level 9 in Spellcasting
  6505 | D:7      | Noticed Dowan
  6506 | D:7      | Noticed Duvessa
  6537 | D:7      | Killed Duvessa
  6541 | D:7      | Killed Dowan
  6924 | D:7      | Learned a level 2 spell: Blink
  7024 | D:8      | Reached ** piety under Ashenzari
  7106 | D:8      | Learned a level 1 spell: Summon Butterflies
  7133 | D:8      | Reached skill level 1 in Translocations
  7491 | D:8      | Reached skill level 1 in Summonings
  7505 | D:8      | Reached skill level 10 in Spellcasting
  7505 | D:8      | Reached XP level 10. HP: 56/56 MP: 9/26
  7796 | D:8      | Reached skill level 5 in Dodging
  7980 | D:9      | Noticed an elephant
  8201 | D:9      | Killed an elephant
  8513 | D:9      | Found a staircase to the Lair.
  8626 | D:9      | Found a glowing golden altar of the Shining One.
  8749 | D:9      | Learned a level 1 spell: Confusing Touch
  9107 | D:10     | Entered Level 10 of the Dungeon
  9118 | D:10     | Found a staircase to the Orcish Mines.
  9143 | D:10     | Reached skill level 1 in Hexes
  9355 | D:10     | Got the rapier "Rimuom" {pierce, rElec MR+ Str+6}
  9356 | D:10     | Identified the +8 rapier "Rimuom" {pierce, rElec MR+ Str+6}
                  | (You found it on level 10 of the Dungeon)
  9357 | D:10     | Upgraded the game from 0.25-a0-316-gd28d56f9c5 to
                  | 0.25-a0-317-g5f8687bca5
  9567 | D:10     | Noticed a seven-headed hydra
  9578 | D:10     | Killed a seven-headed hydra
  9578 | D:10     | Reached skill level 1 in Short Blades
  9631 | D:10     | Noticed an orc sorcerer
  9638 | D:10     | Killed an orc sorcerer
  9787 | D:10     | Reached XP level 11. HP: 60/60 MP: 27/27
  9893 | D:10     | Noticed a two-headed ogre
  9905 | D:10     | Killed a two-headed ogre
 10007 | D:10     | Got the uncursed pair of boots "Bonenius" {+Blink Dex+4}
 10013 | D:10     | Identified the +0 pair of boots "Bonenius" {+Blink Dex+4}
                  | (You found it on level 10 of the Dungeon)
 10315 | Lair:1   | Entered Level 1 of the Lair of Beasts
 11089 | D:9      | Learned a level 5 spell: Fireball
 11093 | D:9      | Learned a level 3 spell: Tukima's Dance
 11182 | Lair:1   | Reached skill level 5 in Stealth
 11367 | D:9      | Reached skill level 5 in Short Blades
 11594 | Lair:1   | Reached *** piety under Ashenzari
 12345 | Lair:2   | Noticed a four-headed hydra
 12460 | Lair:2   | Killed a four-headed hydra
 12658 | Lair:2   | Reached XP level 12. HP: 59/64 MP: 10/28
 13951 | Lair:3   | Found a gate leading to a gauntlet.
 13967 | Gauntlet | Entered a Gauntlet
 13967 | Gauntlet | Found a transporter.
 13967 | Gauntlet | Found a transporter.
 13967 | Gauntlet | Found a transporter.
 13967 | Gauntlet | Noticed a queen ant
 13988 | Gauntlet | Found a runed translucent door.
 13990 | Gauntlet | Found a transporter.
 13992 | Gauntlet | Found a transporter.
 14000 | Gauntlet | Found a transporter.
 14003 | Gauntlet | Found a transporter.
 14011 | Gauntlet | Found a transporter.
 14012 | Gauntlet | Identified the ring "Nakicun" {*Tele Str+2 Dex+4}
 14065 | Gauntlet | Reached **** piety under Ashenzari
 14081 | Gauntlet | Found a transporter.
 14090 | Gauntlet | Noticed a queen ant
 14091 | Gauntlet | Found a transporter.
 14094 | Gauntlet | Found a transporter.
 14104 | Gauntlet | Found a transporter.
 14343 | Lair:3   | Reached skill level 11 in Spellcasting
 15565 | Lair:4   | Found a hole to the Spider Nest.
 15617 | Lair:4   | Reached skill level 12 in Spellcasting
 15632 | Lair:4   | Reached skill level 1 in Evocations
 15636 | Lair:4   | Reached skill level 10 in Conjurations
 16474 | Lair:4   | Found a staircase to the Shoals.
 16865 | Lair:5   | Noticed a death yak
 16866 | Lair:5   | Noticed a death yak
 16867 | Lair:5   | Noticed a death yak
 16869 | Lair:5   | Killed a death yak
 16869 | Lair:5   | Noticed a death yak
 17041 | Lair:4   | Killed a death yak
 17041 | Lair:4   | Reached XP level 13. HP: 50/72 MP: 21/31
 17280 | Lair:5   | Reached skill level 13 in Spellcasting
 17333 | Lair:5   | Learned a level 5 spell: Irradiate
 17617 | Lair:5   | Reached ***** piety under Ashenzari
 17995 | D:11     | Found Jiffos's Jewellery Shoppe.
 19034 | D:12     | Noticed Urug
 19040 | D:12     | Killed Urug
 19040 | D:12     | Reached skill level 5 in Transmutations
 19189 | D:12     | Reached skill level 5 in Fighting
 19257 | D:12     | Found Vetas's Changing Room.
 19282 | D:12     | Noticed Maurice
 19289 | D:12     | Killed Maurice
 19318 | D:12     | Bought a potion of lignification for 42 gold pieces
 19365 | D:12     | Found a portal to a secret trove of treasure.
 19609 | D:12     | Noticed Rupert
 19627 | D:12     | Killed Rupert
 20065 | Orc:1    | Entered Level 1 of the Orcish Mines
 20065 | Orc:1    | Found Meiqig's Gadget Shop.
 20068 | Orc:1    | Noticed Fannar
 20077 | Orc:1    | Killed Fannar
 20200 | Orc:1    | Found Morom's Armour Shop.
 20207 | Orc:1    | Found a shimmering altar of Xom.
 20327 | Orc:1    | Found Karhieps's General Store.
 20363 | Orc:1    | Found Ojaast's Book Shop.
 20373 | Orc:1    | Found Geto's Magic Scroll Emporium.
 20386 | Orc:1    | Bought a scroll of identify for 24 gold pieces
 20386 | Orc:1    | Bought a scroll of remove curse for 36 gold pieces
 20386 | Orc:1    | Bought a scroll of identify for 24 gold pieces
 20511 | Orc:1    | Bought a scroll of identify for 26 gold pieces
 20511 | Orc:1    | Bought a scroll of identify for 26 gold pieces
 20649 | Orc:2    | Entered Level 2 of the Orcish Mines
 21314 | Orc:2    | Found Nauqabuk's Food Boutique.
 21553 | Orc:2    | Found Cekkioci's General Store.
 21654 | Orc:2    | Reached skill level 10 in Dodging
 22004 | Orc:2    | Reached XP level 14. HP: 80/80 MP: 33/33
 22322 | Orc:2    | Reached skill level 14 in Spellcasting
 22548 | Orc:2    | Reached skill level 10 in Fire Magic
 22567 | Orc:2    | Reached skill level 5 in Evocations
 22729 | Orc:2    | Bought the amulet of Woqug {MR+ Regen+ Dex+4} for 816 gold
                  | pieces
 22761 | Orc:2    | Noticed Erolcha
 22769 | Orc:2    | Killed Erolcha
 22779 | Orc:2    | Found a staircase to the Elven Halls.
 23009 | Orc:2    | Found Qieplane's Book Shoppe.
 23009 | Orc:2    | Found Esuppyny's Antique Armour Emporium.
 23009 | Orc:2    | Found a one-way gate leading to the halls of Pandemonium.
 23081 | Orc:1    | Bought a +0 hat of intelligence for 143 gold pieces
 23166 | Lair:1   | Learned a level 6 spell: Hydra Form
 23402 | D:13     | Found a frozen archway.
 23416 | IceCv    | Entered an ice cave
 24067 | IceCv    | Noticed a frost giant
 24090 | IceCv    | Killed a frost giant
 24958 | D:13     | Noticed Josephine
 24963 | D:13     | Killed Josephine
 25496 | D:13     | Found a gate to the Vaults.
 26281 | Lair:6   | Entered Level 6 of the Lair of Beasts
 26403 | Lair:6   | Reached XP level 15. HP: 88/88 MP: 25/35
 27025 | Lair:6   | Reached skill level 1 in Unarmed Combat
 27687 | Lair:6   | Reached skill level 15 in Spellcasting
 28161 | Lair:6   | Found a viscous altar of Jiyva.
 28162 | Lair:6   | Found a staircase to the Slime Pits.
 28569 | Lair:6   | Got the battleaxe "Dragonbane" {freeze, Str+2}
 28580 | Lair:6   | Identified the +1 battleaxe "Dragonbane" {freeze, Str+2}
                  | (You found it on level 6 of the Lair of Beasts)
 28729 | Spider:1 | Entered Level 1 of the Spider Nest
 28859 | Lair:1   | Identified a scroll of acquirement
 29877 | D:15     | Entered Level 15 of the Dungeon
 30837 | D:15     | Noticed Azrael
 30843 | D:15     | Killed Azrael
 31265 | D:15     | Noticed a frost giant
 31274 | D:15     | Killed a frost giant
 31278 | D:15     | Found a staircase to the Depths.
 31374 | D:15     | Upgraded the game from 0.25-a0-317-g5f8687bca5 to
                  | 0.25-a0-346-g140ab784a8
 31622 | Spider:1 | Noticed a ghost moth
 31630 | Lair:4   | HP: 1/114 [redback (16)]
 31630 | Lair:4   | Mangled by a redback

Levels and vault maps discovered:
D:1:      roderic_crossed_star, layout_loops_corners, serial_park_tiny_1,
          dk_noncrumbling_3
D:2:      layout_basic, lemuel_crystal_altar, marbit_many_paths
D:3:      layout_rooms, lemuel_doored_altar,
          chequers_temple_overflow_minitemple, ebering_ghost_reflecting_pool,
          uniq_terence
D:4:      layout_loops_corners, overflow_temple_1_default, kennysheep_mini,
          first_ration, minmay_misc_feat_rugged, yredelemnul_altar_generic
D:5:      minmay_clustersquares, layout_basic, fedhas_altar_3,
          nicolae_overflow_crystal_walls
D:6:      layout_gridville, lemuel_round_altar, overflow_temple_1_default,
          kennysheep_mini_moat, temple_statues
D:7:      layout_loops_corners, uniq_joseph, uniq_duvessa
D:8:      black_bear_nest_1, layout_layer_cave, grunt_livestock
D:9:      layout_irregular_city, david_lair_generic,
          nicolae_tso_besieged_by_evil
D:10:     cheibrodos_wizards_tower, layout_basic, david_orc_3
D:11:     layout_gridville, serial_shops, shop
D:12:     layout_long_grid, enter_trove_2, nicolae_transmutations_shop,
          uniq_rupert, uniq_urug, uniq_maurice
D:13:     layout_loops_ring, erik_vaults_2, portal_ice_cave_demonic_guard,
          chequers_arboretum, uniq_josephine
D:14:     layout_loops_ring, special_room [special_room_bee],
          minmay_misc_feat_x, chequers_serial_rivers_micro_e
D:15:     grunt_enter_depths_snipers, layout_rooms, minmay_crystal_room,
          uniq_azrael
Lair:1:   layout_misc_corridors, grunt_forest_large_clearings
Lair:2:   layout_gridlike, infiniplex_staircase_pool
Lair:3:   layout_small_grid, gauntlet_entry_generic, lemuel_fruit_fields,
          minmay_lair_oklob_chamber
Lair:4:   layout_roguey, elwin_shoals_entry_stream,
          nicolae_spider_entry_non_spiders, special_room
          [special_room_mythical_zoo], st_stairs_6,
          chequers_serial_rivers_small_a
Lair:5:   layout_cave_pods, hangedman_lair_unloving_vines,
          chequers_serial_rivers_micro_d
Lair:6:   minmay_lair_end_frog_pond, layout_hall_layers, slime_altar_1
Spider:1: layout_spider_delve
Orc:1:    layout_caves, serial_shops, shop_coins,
          nicolae_shop_temple_entry_statues_fountains, shop_fountains, shop,
          shop, basic_altar, uniq_fannar
Orc:2:    pf_orc_diabolical, layout_caves, uniq_erolcha

Skill      XL: |  1  2  3  4  5  6  7  8  9 10 11 12 13 14 15 |
---------------+----------------------------------------------+-----
Conjurations   | 2 3 4 5 7 9 10 11 12 | 12.7
Spellcasting   | 4 5 7 10 12 13 14 15 | 15.0
Fire Magic     | 4 5 7 8 9 10 | 10.5
Air Magic      | 2 3 |  3.6
Poison Magic   | 2 3 |  3.8
Shields        | 4 |  4.2
Fighting       | 2 3 4 6 7 8 |  8.0
Dodging        | 4 7 9 10 11 13 | 13.0
Translocations | 2 |  2.0
Summonings     | 1 2 |  2.2
Hexes          | 3 |  3.8
Short Blades   | 2 6 8 |  8.0
Stealth        | 6 |  6.0
Evocations     | 3 4 6 7 |  7.2
Transmutations | 5 9 |  9.5
Unarmed Combat | 4 |  4.0

Action                   |  1- 3 |  4- 6 |  7- 9 | 10-12 | 13-15 || total
-------------------------+-------+-------+-------+-------+-------++-------
Melee: Dagger            |     8 |     3 |       |       |       ||    11
       Long sword        |       |     4 |     6 |       |       ||    10
       Flail             |       |       |    13 |       |       ||    13
       Falchion          |       |       |    20 |    16 |       ||    36
       Rapier            |       |       |       |   143 |   376 ||   519
       Unarmed           |       |       |       |       |   135 ||   135
Throw: Javelin           |     1 |       |     4 |       |       ||     5
       Dart              |    15 |       |    34 |    30 |   110 ||   189
 Cast: Foxfire           |    56 |    87 |   159 |   357 |   272 ||   931
       Conjure Flame     |     1 |     1 |    11 |    16 |    22 ||    51
       Mephitic Cloud    |       |     3 |    32 |    97 |   154 ||   286
       Sticky Flame      |       |     4 |    28 |    67 |   134 ||   233
       Magic Dart        |       |       |    40 |    29 |       ||    69
       Summon Butterflie |       |       |     1 |     7 |     6 ||    14
       Blink             |       |       |       |    21 |     4 ||    25
       Confusing Touch   |       |       |       |    42 |    37 ||    79
       Fireball          |       |       |       |    39 |   146 ||   185
       Tukima's Dance    |       |       |       |       |    32 ||    32
       Irradiate         |       |       |       |       |     9 ||     9
       Hydra Form        |       |       |       |       |    22 ||    22
Invok: Curse Item        |       |       |     2 |       |     3 ||     5
       Scrying           |       |       |       |       |     2 ||     2
Evoke: Wand              |       |       |       |     6 |     2 ||     8
       Crystal ball of e |       |       |       |       |    44 ||    44
       Lightning rod     |       |       |       |       |     4 ||     4
  Use: Scroll            |       |     2 |     4 |     5 |    15 ||    26
       Potion            |       |       |       |     4 |     3 ||     7
 Stab: Sleeping          |     1 |       |       |     1 |       ||     2
       Invisible         |     1 |       |       |       |       ||     1
       Confused          |       |       |     2 |    27 |    58 ||    87
       Distracted        |       |       |       |       |     2 ||     2
  Eat: Chunk             |     2 |     8 |    13 |    20 |    20 ||    63
       Ration            |       |       |       |     4 |     4 ||     8
Armor: Robe              |     1 |    11 |     8 |    10 |    52 ||    82
       Skin              |       |       |       |       |    44 ||    44
Dodge: Dodged            |     6 |    43 |    29 |   139 |   362 ||   579
       Deflected         |       |       |       |     2 |     6 ||     8
Block: Buckler           |     3 |    14 |    18 |    94 |   108 ||   237
       Rpst.: Long sword |       |     7 |     1 |       |       ||     8
       Falchion          |       |       |     3 |     5 |       ||     8

Table legend:
 A = Non-vault XP
 B = Vault XP
 C = Vault XP percentage of total XP
 D = Non-vault monster count
 E = Vault monster count
 F = Vault count percentage of total count
                 A         B        C        D         E       F
            +---------+---------+-------+---------+---------+-------
      Total |   78115 |   73220 |  48.4 |     471 |     289 |  38.0
            +---------+---------+-------+---------+---------+-------
        D:1 |      20 |       0 |   0.0 |      13 |       0 |   0.0
        D:2 |      45 |       2 |   4.3 |      10 |       1 |   9.1
        D:3 |      62 |      38 |  38.0 |       8 |       1 |  11.1
        D:4 |     270 |       0 |   0.0 |      18 |       0 |   0.0
        D:5 |     321 |     440 |  57.8 |      27 |       8 |  22.9
        D:6 |     777 |       0 |   0.0 |      23 |       0 |   0.0
        D:7 |    1994 |     733 |  26.9 |      43 |       3 |   6.5
        D:8 |     341 |    1055 |  75.6 |       8 |       6 |  42.9
        D:9 |    3794 |    2685 |  41.4 |      24 |      27 |  52.9
       D:10 |    3042 |     598 |  16.4 |      24 |       6 |  20.0
       D:11 |    2426 |       0 |   0.0 |      21 |       0 |   0.0
       D:12 |    5020 |    3799 |  43.1 |      38 |       3 |   7.3
       D:13 |    8283 |    9676 |  53.9 |      29 |      15 |  34.1
       D:14 |    3706 |    2060 |  35.7 |      12 |      20 |  62.5
       D:15 |   12592 |    5072 |  28.7 |      34 |       8 |  19.0
     Lair:1 |    1038 |     975 |  48.4 |       8 |       6 |  42.9
     Lair:2 |    6296 |       0 |   0.0 |      20 |       0 |   0.0
     Lair:3 |    1856 |    1376 |  42.6 |       9 |       3 |  25.0
     Lair:4 |    2687 |    6821 |  71.7 |      11 |      36 |  76.6
     Lair:5 |    6971 |    1364 |  16.4 |      16 |       4 |  20.0
     Lair:6 |   11973 |   10838 |  47.5 |      32 |      43 |  57.3
   Spider:1 |     441 |       0 |   0.0 |       2 |       0 |   0.0
      Orc:1 |    2106 |    1028 |  32.8 |      15 |       1 |   6.2
      Orc:2 |    2054 |   15153 |  88.1 |      26 |      62 |  70.5
      IceCv |       0 |    9507 | 100.0 |       0 |      36 | 100.0
            +---------+---------+-------+---------+---------+-------
